 Dungeon Crawl Stone Soup version 0.28-a0-973-ga7f8b01127 (webtiles) character file.

Game seed: 5198378901843157248

151961 spiderkeys the Brawler (level 17, -8/176 HPs)
             Began as a Troll Abyssal Knight on Dec 2, 2021.
             Was the Champion of Lugonu.
             Killed from afar by a merfolk aquamancer (37 damage)
             ... with a torrent of water
             ... on level 4 of the Shoals.
             The game lasted 01:25:42 (31051 turns).

spiderkeys the Brawler (Troll Abyssal Knight)      Turns: 31051, Time: 01:25:43

Health: -8/176     AC: 13    Str: 25    XL:     17   Next: 1%
Magic:  22/22      EV: 15    Int:  4    God:    Lugonu [******]
Gold:   1675       SH: 22    Dex: 16    Spells: 12/16 levels left

rFire   + + .      SeeInvis .     - Unarmed
rCold   + + +      Faith    .   Z - +0 tower shield
rNeg    . . .      Spirit   .   w - +1 troll leather armour
rPois   .          Reflect  +   L - +2 hat {Will+}
rElec   .          Harm     .   i - scarf {+Inv}
rCorr   +          Rampage  .   (gloves unavailable)
Will    ++...                   (boots unavailable)
Stlth   +.........              C - amulet of Zin's Pride {Reflect rF+ rC+++ rCorr Int-2 SH+5}
HPRegen 1.99/turn               O - +4 ring of protection
MPRegen 0.18/turn               Y - +4 ring of slaying

@: mighty, hasted, studying Fighting, slow
A: large, unfitting armour, claws 3, regeneration 1, shaggy fur 1, tough skin 1,
fire resistance 1
a: Renounce Religion, Evoke Invisibility, Depart the Abyss, Bend Space, Banish,
Corrupt, Enter the Abyss, Brand Weapon With Distortion


You were on level 4 of the Shoals.
You worshipped Lugonu.
Lugonu was exalted by your worship.
You visited 5 branches of the dungeon, and saw 30 of its levels.
You visited the Abyss 1 time.

You collected 3103 gold pieces.
You spent 1428 gold pieces at shops.


Innate Abilities, Weirdness & Mutations

You are too large for most types of armour.
You have claws for hands.
Your natural rate of healing is unusually fast.
You are covered in fur. (AC +1)
You have tough skin. (AC +1)
Your flesh is heat resistant. (rF+)


   Skills:
 + Level 13.1 Fighting
 + Level 8.3 Throwing
 + Level 13.0 Dodging
 * Level 10.9 Shields
 + Level 15.2 Unarmed Combat
 - Level 9.0 Invocations


You had 12 spell levels left.
You knew the following spells:

 Your Spells              Type           Power      Damage    Failure   Level
a - Apportation           Tloc           0%         N/A       85%         1
p - Pain                  Necr           0%         1d4       85%         1
w - Wereblood             Tmut           0%         N/A       94%         2

Your spell library contained the following spells:

 Spells                   Type           Power      Damage    Failure   Level
 Animate Skeleton         Necr           0%         N/A       85%         1
 Magic Dart               Conj           0%         1d3       85%         1
 Sandblast                Erth           0%         2d4       85%         1
 Shock                    Conj/Air       0%         1d3       85%         1
 Summon Small Mammal      Summ           0%         N/A       85%         1
 Ensorcelled Hibernation  Hex/Ice        0%         N/A       94%         2
 Passwall                 Tmut/Erth      0%         N/A       94%         2
 Scorch                   Fire           0%         2d5       94%         2
 Searing Ray              Conj           0%         2d4       94%         2
 Sublimation of Blood     Necr           0%         N/A       94%         2
 Ozocubu's Armour         Ice            0%         N/A       99%         3
 Stone Arrow              Conj/Erth      0%         3d7       99%         3
 Swiftness                Air            0%         N/A       99%         3
 Tukima's Dance           Hex            0%         N/A       99%         3
 Airstrike                Air            0%         N/A       100%        4
 Flame Wave               Conj/Fire      0%         2d4       100%        4
 Fulminant Prism          Conj/Hex       0%         3d6       100%        4
 Leda's Liquefaction      Hex/Erth       0%         N/A       100%        4
 Petrify                  Tmut/Erth      0%         N/A       100%        4
 Agony                    Necr           0%         N/A       100%        5
 Blade Hands              Tmut           0%         N/A       100%        5
 Excruciating Wounds      Necr           0%         N/A       100%        5
 Fireball                 Conj/Fire      0%         3d3       100%        5
 Irradiate                Conj/Tmut      0%         3d14      100%        5
 Iskenderun's Battlesphe  Conj           0%         2d6       100%        5
 Lee's Rapid Deconstruct  Erth           0%         3d5*      100%        5
 Conjure Ball Lightning   Conj/Air       0%         3x3d6     100%        6
 Statue Form              Tmut/Erth      0%         N/A       100%        6
 Summon Cactus Giant      Summ           0%         N/A       100%        6
 Dragon Form              Tmut           0%         N/A       100%        7
 Orb of Destruction       Conj           0%         N/A       100%        7
 Ozocubu's Refrigeration  Ice            0%         4d5       100%        7
 Summon Hydra             Summ           0%         N/A       100%        7

Inventory:

Missiles
 e - 6 boomerangs of dispersal {=f!f}
 h - 30 boomerangs (quivered)
 j - 3 datura-tipped darts
 t - 27 poisoned darts
 F - 3 silver javelins
 J - 21 javelins
 Q - 42 large rocks {=f}
 T - 4 curare-tipped darts {=f}
Armour
 i - a scarf of invisibility (worn)
   (You found it on level 7 of the Dungeon)
 w - a +1 troll leather armour (worn)
   (You found it on level 2 of the Orcish Mines)
 y - a +2 robe of cold resistance
   (You took it off Pikel on level 6 of the Dungeon)
 L - a +2 hat of willpower (worn)
   (You took it off Gastronok on level 8 of the Dungeon)
 Z - a +0 tower shield (worn)
   (You found it on level 4 of the Lair of Beasts)
Jewellery
 g - an amulet of regeneration
   (You found it on level 3 of the Abyss)
 v - a ring of see invisible
   (You found it on level 2 of the Dungeon)
 C - the amulet of Zin's Pride (around neck) {Reflect rF+ rC+++ rCorr Int-2 SH+5}
   (You acquired it on level 1 of the Shoals)

   [amulet of reflection]

   It reflects blocked missile attacks.
   Int:       It affects your intelligence (-2).
   rF:        It protects you from fire.
   rC:        It renders you almost immune to cold.
   rCorr:     It protects you from acid and corrosion.
   SH:        It affects your SH (+5).
 I - a +6 ring of intelligence
   (You found it on level 3 of the Dungeon)
 O - a +4 ring of protection (left claw)
   (You found it on level 12 of the Dungeon)
 P - a ring of poison resistance
   (You found it on level 4 of the Lair of Beasts)
 Y - a +4 ring of slaying (right claw)
   (You took it off a salamander on level 2 of the Snake Pit)
Wands
 d - a wand of acid (13)
   (You found it on level 4 of the Lair of Beasts)
 m - a wand of polymorph (40)
   (You found it on level 4 of the Dungeon)
 q - a wand of flame (28)
   (You took it off Grinder on level 3 of the Dungeon)
 D - a wand of paralysis (13)
   (You found it on level 8 of the Dungeon)
 R - a wand of digging (13)
   (You found it on level 11 of the Dungeon)
Scrolls
 a - 11 scrolls of enchant weapon
 c - 2 scrolls of fear
 f - a scroll of silence {!r}
 k - 11 scrolls of teleportation {@r4}
 o - 2 scrolls of magic mapping {!r}
 p - 5 scrolls of fog
 r - 3 scrolls of vulnerability {!r!r}
 G - 2 scrolls of torment {!r}
 H - 3 scrolls of blinking {!r}
 K - 3 scrolls of immolation {!r!r}
 N - 6 scrolls of identify {@r1}
 S - 2 scrolls of brand weapon
Potions
 b - a potion of berserk rage {!q}
 l - 4 potions of might
 n - 2 potions of flight
 u - 4 potions of curing {@q1}
 x - 3 potions of resistance
 A - a potion of cancellation
 B - 4 potions of haste {@q3}
 E - 3 potions of ambrosia
 M - 2 potions of attraction {!q}
 U - 3 potions of lignification {!q}
 V - 2 potions of mutation {!q}
 W - 2 potions of brilliance
Miscellaneous
 z - a piece from Xom's chessboard (15/15)
   (You found it on level 6 of the Lair of Beasts)
 X - a tin of tremorstones (inert)
   (You found it on level 1 of the Lair of Beasts)

Dungeon Overview and Level Annotations

Branches:
Dungeon (15/15)            Temple (0/1) D:7            Lair (6/6) D:10
 Shoals (4/4) Lair:2        Snake (3/4) Lair:2        Slime (0/5) Lair:6
    Orc (2/2) D:9             Elf (0/3) Orc:2        Vaults (0/5) D:13
 Depths (0/4) D:15

Altars:
Dithmenos
Elyvilon
Fedhas
Gozag
Hepliaklqana
Makhleb
Qazlal
Ru
Sif Muna
Trog
Uskayaw
Yredelemnul
Beogh
Jiyva

Shops:
D:4 [   D:13 (   D:14 *:   Orc:1 *   Orc:2 *[[:   Shoals:2 [   Shoals:3 *
Snake:1 (

Annotations:
D:4 2 runed translucent doors, spiderkeys's ghost, novice SpAK
D:7 3 runed translucent doors, sirJeffrey23's ghost, novice TrBe
D:11 2 transporters, bearlyready's ghost, journeyman DrCj
D:12 3 runed translucent doors, exclusion: orange crystal statue
Lair:3 exclusion: oklob plant
Lair:6 1 runed translucent door
Snake:3 Aizul; Vashnia
Abyss:1 Agnes; Mlioglotl; Snorg

≈.≈≈≈≈........≈≈≈≈≈
≈≈≈≈≈≈≈≈......≈≈#####
≈≈≈≈≈[≈≈≈.....≈##≈mm##
≈≈≈≈≈≈≈≈≈≈....≈#.≈≈≈m#
≈≈≈≈≈≈≈≈≈≈≈≈..≈#mmφ≈≈#
≈≈≈≈≈≈≈≈≈≈≈≈≈≈≈#≈≈≈≈≈# ≈
≈≈≈≈≈≈≈≈≈≈≈≈≈≈≈##k†≈# ≈≈≈
≈≈≈≈≈≈≈≈≈≈≈≈≈≈≈≈##)##≈≈≈≈≈
≈≈≈≈≈≈≈≈≈≈≈≈≈≈@m≈≈≈≈≈≈≈≈
≈≈≈≈≈≈≈≈≈≈≈≈≈≈≈≈≈≈≈≈≈≈≈
≈≈≈≈≈≈≈≈≈≈≈≈≈≈≈≈≈≈≈≈≈≈
≈≈≈≈≈≈≈≈≈≈≈≈≈≈≈≈≈≈≈≈≈
####################


You could see a merfolk aquamancer.


Message History

The merfolk javelineer hits you from afar with a +0 spear.
You block the merfolk aquamancer's attack.
You block the merfolk impaler's attack. 😕 HP[-4]
You take 4 damage, and now have 134/176 hp.
You claw the merfolk aquamancer!
The merfolk impaler hits you from afar with a +3 trident of flaming!
The merfolk impaler burns you. 😮 HP[-13]
You take 13 damage, and now have 121/176 hp.
You closely miss the merfolk aquamancer.
You feel sick.
The merfolk aquamancer gestures wildly while chanting.
The merfolk aquamancer blinks!
You block the merfolk javelineer's attack.
The merfolk aquamancer points at you and mumbles some strange words.
The shard of ice hits you! You partially resist.
You block the merfolk impaler's attack. 😮 HP[-16]
You take 16 damage, and now have 105/176 hp.
You claw the merfolk aquamancer!
You feel sick.
The merfolk impaler hits you but does no damage.
You block the merfolk javelineer's attack.
You block the merfolk aquamancer's attack.
The merfolk impaler hits you from afar with a +3 trident of flaming! 😮 HP[-7]
You take 7 damage, and now have 98/176 hp.
You feel yourself speed up.
You feel sick. You block the merfolk impaler's attack.
The merfolk aquamancer points at you and mumbles some strange words.
The shard of ice reflects off an invisible shield around you!
The shard of ice hits the merfolk aquamancer!!!
You kill the merfolk aquamancer!
Lugonu accepts your kill.
The merfolk javelineer throws a javelin.
The javelin pierces through you!
* * * LOW HITPOINT WARNING * * *
The manticore flicks its tail.
The volley of spikes reflects off an invisible shield around you!
The volley of spikes hits the manticore!
You block the merfolk impaler's attack. 😨 HP[-12]
You take 12 damage, and now have 86/176 hp.
You feel sick.
You are no longer poisoned.
The merfolk impaler hits you from afar with a +1 trident of venom.
* * * LOW HITPOINT WARNING * * *
You are poisoned.
The merfolk javelineer throws a javelin.
The javelin pierces through you!
* * * LOW HITPOINT WARNING * * *
You block the manticore's attack. x2; The manticore closely misses you.
There is an open door, spattered with blood here.
Things that are here:
a +0 rapier; a +0 robe; 😨 HP[-13]
You take 13 damage, and now have 73/176 hp.
You claw the manticore!
You feel sick. You block the merfolk impaler's attack.
The merfolk impaler hits you from afar with a +1 trident of venom!!
* * * LOW HITPOINT WARNING * * *
You are more poisoned. 😨 HP[-23]
You take 23 damage, and now have 50/176 hp.
You mangle the manticore!!
You kill the manticore!
Lugonu accepts your kill.
You feel very sick. You block the merfolk impaler's attack.
The merfolk javelineer throws a javelin.
The javelin pierces through you.
* * * LOW HITPOINT WARNING * * *
The merfolk impaler hits you from afar with a +2 trident of protection!!
* * * LOW HITPOINT WARNING * * *
You block the merfolk impaler's attack. 😱 HP[-29]
You take 29 damage, and now have 21/176 hp.
Unknown command.
Okay, then.
As you read the scroll of fear, it crumbles to dust.
You assume a fearsome visage.
The merfolk impaler looks frightened!
The merfolk javelineer looks frightened!
The merfolk looks frightened!
The wind drake looks frightened!
The merfolk impaler looks frightened! x2
The merfolk aquamancer resists with some effort.
You feel very sick.
The merfolk impaler wails, "Oh dear!
Oh dear!"
You block the merfolk aquamancer's attack. 😱 HP[-1]
You take 1 damage, and now have 20/176 hp.
You enter the shallow water.
Moving in this stuff is going to be slow.
You feel very sick.
The merfolk impaler gives up. 😱 HP[-2]
You take 2 damage, and now have 18/176 hp.
You feel better.
Cornered, the merfolk turns to fight! 😱 HP[+9]
You regained 9 hp, and now have 27/176 hp.
The merfolk aquamancer casts a spell at you.
The torrent of water hits you!!!
You die...

Skill      XL: |  1  2  3  4  5  6  7  8  9 10 11 12 13 14 15 16 |
---------------+-------------------------------------------------+-----
Dodging        | 2 3 4 5 6 7 8 9 10 11 12 13 | 13.0
Invocations    | 2 3 4 5 6 8 9 |  9.0
Fighting       | 3 4 5 6 7 8 9 10 11 12 13 | 13.1
Unarmed Combat | 3 4 5 6 7 8 9 11 12 13 14 15 | 15.2
Throwing       | 3 6 8 |  8.3
Shields        | 6 8 10 | 10.9

Action                   |  1- 3 |  4- 6 |  7- 9 | 10-12 | 13-15 | 16-18 || total
-------------------------+-------+-------+-------+-------+-------+-------++-------
Melee: Unarmed           |   116 |    85 |   379 |   557 |  1758 |   625 ||  3520
       Punch             |     1 |     1 |    13 |    30 |    32 |       ||    77
Throw: Dart              |       |       |       |    10 |     3 |       ||    13
       Large rock        |       |       |       |    16 |    81 |    24 ||   121
       Boomerang         |       |       |       |       |       |    18 ||    18
Invok: Bend Space        |       |       |       |     6 |    27 |       ||    33
       Banish            |       |       |       |     9 |    14 |     7 ||    30
Evoke: Wand              |       |       |     3 |       |     5 |     7 ||    15
       Tin of tremorston |       |       |       |       |     3 |     4 ||     7
  Use: Scroll            |       |     6 |    10 |     8 |     8 |     7 ||    39
       Potion            |       |       |     3 |     6 |     7 |     9 ||    25
 Stab: Sleeping          |       |     2 |       |       |       |       ||     2
       Distracted        |       |       |     1 |       |     1 |       ||     2
Armor: Robe              |    36 |    13 |    93 |   192 |   215 |       ||   549
       Troll leather arm |       |       |       |       |   602 |   129 ||   731
Dodge: Dodged            |    64 |    36 |   194 |   358 |  1082 |   247 ||  1981
Block: Tower shield      |       |       |       |       |  1366 |   723 ||  2089
       Reflection        |       |       |       |       |       |    47 ||    47

Levels and vault maps discovered:
D:1:      minmay_arrival_cross, layout_basic,
          hellmonk_ecumenical_altar_inner_sanctum, minmay_pentomino_t4
D:2:      layout_basic, chequers_serial_rivers_marsh
D:3:      layout_loops_ring, minmay_close_crescents, uniq_grinder
D:4:      layout_rooms, lemuel_coloured_pillars_altar, trog_wizard,
          serial_shops, nicolae_shop_window_shopping,
          ebering_ghost_disaster_area, serial_bayou, serial_bayou_lagoon_a,
          serial_bayou_pond_e, serial_bayou_lagoon_b, serial_bayou_lake_a
D:5:      layout_rooms, mainiacjoe_overflow_brackets, minivault_27
D:6:      wander_river, layout_basic, nicolae_ru_awakened_eye,
          nicolae_uskayaw_suspiria, kennysheep_generic_room_10, uniq_menkaure,
          uniq_pikel
D:7:      layout_basic, worldfamousw_hep_ancestral_shrine,
          minmay_temple_entry_drinking_statues, gammafunk_ghost_necromancy,
          chequers_serial_rivers_room_a, minmay_crossroads
D:8:      layout_layer_cave, grunt_temple_overflow_forces_of_nature
D:9:      layout_cave_pools, mainiacjoe_overflow_alcove_1,
          mainiacjoe_overflow_chevrons, david_orc_4, uniq_gastronok
D:10:     layout_cross, pf_just_have_faith, erik_lair_orcish_takeover,
          uniq_snorg
D:11:     layout_basic, gammafunk_ghost_berserking_beasts
D:12:     layout_long_grid, minmay_statue_crystal_thing
D:13:     layout_basic, skrybe_vaults_entry_preservation, serial_shops,
          nicolae_shop_bloodbath_and_beyond, minmay_fire_ice_demons, uniq_sonja
D:14:     layout_basic, chequers_serial_rivers_room_a, serial_shops,
          nicolae_shop_crystal, nicolae_shop_self_help, uniq_josephine,
          uniq_agnes, uniq_roxanne
D:15:     hangedman_depths_entry_try_elsewhere_first, layout_cave_pools,
          grunt_dithmenos_smoke
Lair:1:   layout_misc_corridors
Lair:2:   layout_gridlike, elwin_shoals_entry_rocks, dummy_snake_entry,
          serial_bayou_shore_a
Lair:3:   layout_loops_ring, nicolae_quartered_pool_impasse,
          serial_bayou_shore_b, grunt_megastairs_1, serial_bayou_shore_b
Lair:4:   layout_hall_layers, infiniplex_staircase_pool_2
Lair:5:   layout_loops_ring, special_room [special_room_bee],
          grunt_forest_large_clearings
Lair:6:   minmay_lair_end_enchanted_forest, layout_regular_city, slime_altar_2
Shoals:1: layout_shoals, nicolae_shoals_lost_giant_hut
Shoals:2: layout_shoals, serial_shops, nicolae_lakefront_shop
Shoals:3: layout_shoals, serial_shops, shop
Shoals:4: shoals_end_simple, layout_shoals, nicolae_shoals_beach_cooler
Snake:1:  minmay_snake_river, layout_basic, serial_shops, nicolae_diamond_shop,
          uniq_donald
Snake:2:  layout_concentric_octagons, nicolae_fountain_basement, uniq_mlioglotl
Snake:3:  layout_rooms, uniq_vashnia, uniq_aizul, uniq_mara
Orc:1:    layout_caves, serial_shops, shop, nicolae_orc_flooded_monolith,
          mines3_lemuel
Orc:2:    st_orc_town, layout_caves

Notes
Turn   | Place    | Note
-------+----------+-------------------------------------------
     0 | Abyss:1  | spiderkeys the Troll Abyssal Knight began the quest for the
                  | Orb.
     0 | Abyss:1  | Reached XP level 1. HP: 22/22 MP: 1/1
     0 | Abyss:1  | magus.rc [v1.9.10]
   114 | D:1      | You pass through the gate.
   114 | D:1      | Escaped the Abyss
   131 | D:1      | You pick up a book of the Spheres and begin reading...
   131 | D:1      | You add the spells Iskenderun's Battlesphere, Fireball,
                  | Conjure Ball Lightning and Orb of Destruction to your
                  | library.
   181 | D:1      | Reached skill level 2 in Dodging
   282 | D:1      | Reached XP level 2. HP: 29/29 MP: 2/2
   784 | D:1      | Reached ** piety under Lugonu
   920 | D:1      | Found a faded altar of an unknown god.
  1004 | D:1      | Reached skill level 2 in Invocations
  1403 | D:2      | Reached XP level 3. HP: 36/36 MP: 3/3
  1844 | D:2      | Reached XP level 4. HP: 44/44 MP: 4/4
  2085 | D:3      | Reached skill level 3 in Fighting
  2139 | D:3      | Reached skill level 3 in Unarmed Combat
  2247 | D:3      | Reached *** piety under Lugonu
  2485 | D:3      | Noticed Grinder
  2495 | D:3      | Killed Grinder
  2496 | D:3      | Reached skill level 3 in Dodging
  2496 | D:3      | Reached skill level 3 in Invocations
  2496 | D:3      | Reached XP level 5. HP: 42/53 MP: 6/6
  2496 | D:3      | Reached XP level 6. HP: 48/61 MP: 7/7
  2826 | D:4      | Reached skill level 4 in Unarmed Combat
  2826 | D:4      | Reached XP level 7. HP: 41/68 MP: 8/8
  2947 | D:4      | Found Veacis's Antique Armour Shop.
  3013 | D:4      | Found a large runed translucent door.
  3013 | D:4      | Found a large runed translucent door.
  3015 | D:4      | Noticed spiderkeys's ghost (novice SpAK)
  3109 | D:4      | Found a shimmering blue altar of Sif Muna.
  3255 | D:4      | Found a bloodstained altar of Trog.
  3256 | D:4      | Noticed a wizard
  3262 | D:4      | Killed a wizard
  3473 | D:5      | Entered Level 5 of the Dungeon
  3537 | D:5      | Reached skill level 4 in Fighting
  3607 | D:5      | Reached skill level 4 in Invocations
  3623 | D:5      | Reached **** piety under Lugonu
  3627 | D:5      | Reached skill level 4 in Dodging
  3739 | D:5      | Reached skill level 5 in Unarmed Combat
  3739 | D:5      | Reached XP level 8. HP: 48/79 MP: 10/10
  3956 | D:5      | Found a basalt altar of Yredelemnul.
  4088 | D:6      | Noticed Pikel
  4126 | D:6      | Killed Pikel
  4127 | D:6      | Reached skill level 5 in Fighting
  4127 | D:6      | Reached skill level 5 in Invocations
  4202 | D:6      | Noticed Menkaure
  4219 | D:6      | Killed Menkaure
  4220 | D:6      | Reached skill level 5 in Dodging
  4241 | D:6      | Reached skill level 6 in Unarmed Combat
  4345 | D:6      | Reached XP level 9. HP: 70/88 MP: 12/12
  4767 | D:6      | Found a sacrificial altar of Ru.
  4793 | D:6      | Found a hide-covered altar of Uskayaw.
  5181 | D:7      | Reached skill level 6 in Invocations
  5260 | D:7      | Found a staircase to the Ecumenical Temple.
  5383 | D:7      | You pick up a book of Blood and begin reading...
  5383 | D:7      | You add the spells Sublimation of Blood, Wereblood and
                  | Summon Hydra to your library.
  5632 | D:7      | Found a runed translucent gate.
  5633 | D:7      | Found a runed translucent gate.
  5633 | D:7      | Found a runed translucent gate.
  5664 | D:7      | Noticed sirJeffrey23's ghost (novice TrBe)
  5690 | D:7      | Reached skill level 6 in Fighting
  5922 | D:7      | Found a hazy altar of Hepliaklqana.
  6124 | D:7      | You pick up a book of Cantrips and begin reading...
  6124 | D:7      | You add the spells Animate Skeleton, Summon Small Mammal
                  | and Apportation to your library.
  6296 | D:8      | Reached skill level 7 in Unarmed Combat
  6314 | D:8      | Reached skill level 6 in Dodging
  6514 | D:8      | Reached ***** piety under Lugonu
  6673 | D:8      | Found a stormy altar of Qazlal.
  6756 | D:8      | Found a blossoming altar of Fedhas.
  7529 | D:9      | Found a white marble altar of Elyvilon.
  7548 | D:9      | You add the spells Ozocubu's Armour and Ozocubu's
                  | Refrigeration to your library.
  7596 | D:9      | Noticed Gastronok
  7696 | D:9      | Reached XP level 10. HP: 88/92 MP: 14/14
  7880 | D:9      | Found a burning altar of Makhleb.
  8364 | D:8      | HP: 21/91 [Gastronok (36)]
  8425 | D:8      | Killed Gastronok
  8426 | D:8      | Reached skill level 7 in Invocations
  8488 | D:9      | Reached skill level 8 in Unarmed Combat
  8551 | D:9      | Reached skill level 7 in Fighting
  8567 | D:9      | HP: 21/102 [orc priest/divine providence (8)]
  8709 | D:9      | Found a staircase to the Orcish Mines.
  8758 | D:10     | Entered Level 10 of the Dungeon
  8817 | D:10     | Found an opulent altar of Gozag.
  8849 | D:10     | Reached skill level 7 in Dodging
  8907 | D:10     | You pick up a book of Air and begin reading...
  8907 | D:10     | You add the spells Shock, Swiftness and Airstrike to your
                  | library.
  8915 | D:10     | Noticed Snorg
  8928 | D:10     | Banished Snorg
  9144 | D:10     | Found a staircase to the Lair.
  9173 | D:10     | Reached skill level 8 in Invocations
  9213 | D:10     | Reached XP level 11. HP: 106/109 MP: 16/16
  9705 | D:11     | Found a transporter.
  9709 | D:11     | Noticed bearlyready's ghost (journeyman DrCj)
  9792 | D:11     | Found a transporter.
  9936 | D:11     | Noticed a seven-headed hydra
  9939 | D:11     | Banished an eight-headed hydra
  9940 | D:11     | Reached skill level 1 in Throwing
  9940 | D:11     | Reached skill level 9 in Unarmed Combat
 10143 | D:11     | Noticed a two-headed ogre
 10155 | D:11     | Killed a two-headed ogre
 10545 | D:11     | Noticed a six-headed hydra
 10551 | D:11     | HP: 25/111 [eight-headed hydra (14)]
 10556 | D:11     | Killed an eight-headed hydra
 10557 | D:11     | Reached skill level 8 in Fighting
 10557 | D:11     | Reached skill level 2 in Throwing
 10770 | D:12     | Found a runed translucent door.
 10796 | D:12     | Reached skill level 8 in Dodging
 10837 | D:12     | Found a runed translucent door.
 10851 | D:12     | Found a runed translucent door.
 10862 | D:12     | Found a runed translucent door.
 10991 | D:12     | You fall into a shaft and drop 1 floor!
 10991 | D:13     | Noticed a green ugly thing
 10993 | D:13     | Noticed Sonja
 10998 | D:13     | Killed a green ugly thing
 11003 | D:13     | Killed Sonja
 11004 | D:13     | Reached skill level 3 in Throwing
 11097 | D:13     | Noticed a sun demon
 11114 | D:13     | HP: 21/107 [sun demon (8)]
 11118 | D:13     | Killed a sun demon
 11121 | D:13     | HP: 25/169 [white imp/puff of frost (2)]
 11127 | D:13     | HP: 30/169 [white imp/puff of frost (2)]
 11212 | D:13     | Noticed a deep elf pyromancer
 11221 | D:13     | Reached skill level 9 in Invocations
 11234 | D:13     | Killed a deep elf pyromancer
 11235 | D:13     | Reached XP level 12. HP: 110/122 MP: 14/17
 11285 | D:13     | Reached skill level 4 in Throwing
 11285 | D:13     | Reached skill level 10 in Unarmed Combat
 11361 | D:13     | Found Mumioti's Weapon Emporium.
 11440 | D:13     | Noticed a centaur warrior
 12047 | D:12     | You pick up a book of Scorching and begin reading...
 12047 | D:12     | You add the spells Scorch, Flame Wave and Summon Cactus
                  | Giant to your library.
 12212 | D:12     | HP: 22/122 [sun demon[an orange crystal statue] (17)]
 12212 | D:12     | HP: 9/122 [sun demon[an orange crystal statue] (13)]
 12213 | D:12     | HP: 3/122 [red devil[an orange crystal statue] (6)]
 12328 | D:13     | Noticed a four-headed hydra
 12329 | D:13     | Banished a four-headed hydra
 12601 | D:13     | Reached skill level 9 in Fighting
 12605 | D:13     | Reached skill level 5 in Throwing
 12616 | D:13     | Found a gate to the Vaults.
 12635 | D:13     | Noticed an ironbound preserver
 12642 | D:13     | Killed an ironbound preserver
 12643 | D:13     | Reached skill level 9 in Dodging
 12818 | D:13     | Killed a centaur warrior
 13187 | D:14     | Noticed a centaur warrior
 13198 | D:14     | Killed a centaur warrior
 13199 | D:14     | Reached skill level 11 in Unarmed Combat
 13256 | D:14     | Noticed a centaur warrior
 13268 | D:14     | Killed a centaur warrior
 13269 | D:14     | Reached skill level 6 in Throwing
 13272 | D:14     | Noticed a tengu warrior
 13340 | D:14     | Noticed a six-headed hydra
 13345 | D:14     | HP: 30/124 [eight-headed hydra (5)]
 13351 | D:14     | Banished an eight-headed hydra
 13352 | D:14     | Reached XP level 13. HP: 44/131 MP: 2/18
 13370 | D:14     | HP: 16/132 [red ugly thing (21)]
 13482 | D:14     | Noticed Roxanne
 13487 | D:14     | HP: 30/132 [Roxanne/crystal spear (61)]
 13625 | D:14     | HP: 30/132 [Roxanne/iron shot (20)]
 13626 | D:14     | Killed Roxanne
 13629 | D:14     | HP: 14/133 [cyclops (4)]
 13698 | D:14     | You pick up a book of the Earth and begin reading...
 13698 | D:14     | You add the spells Leda's Liquefaction, Lee's Rapid
                  | Deconstruction and Statue Form to your library.
 13702 | D:14     | Learned a level 2 spell: Wereblood
 13718 | D:14     | Found Boh Quci's Self-Improvement Boutique.
 13733 | D:14     | Found Betunnab's Assorted Antiques.
 13737 | D:14     | Bought a metallic green potion for 29 gold pieces
 13889 | Lair:1   | Entered Level 1 of the Lair of Beasts
 14220 | Lair:1   | Reached skill level 10 in Fighting
 14497 | Lair:1   | Reached skill level 7 in Throwing
 14535 | Lair:1   | Reached skill level 10 in Dodging
 14707 | Lair:2   | Found a staircase to the Shoals.
 14746 | Lair:2   | Found a staircase to the Snake Pit.
 15056 | Lair:2   | Gained mutation: Your flesh is heat resistant. (rF+)
                  | [potion of mutation]
 15211 | Lair:2   | Reached skill level 12 in Unarmed Combat
 15821 | Lair:3   | Identified the +1 robe "Untept" {Will+}
 16177 | Lair:3   | You pick up a book of Pain and begin reading...
 16177 | Lair:3   | You add the spells Pain, Agony and Excruciating Wounds to
                  | your library.
 16242 | Lair:3   | Learned a level 1 spell: Apportation
 16244 | Lair:3   | Learned a level 1 spell: Pain
 16753 | Lair:4   | HP: 27/135 [blink frog (12)]
 16758 | Lair:4   | HP: 19/135 [blink frog (3)]
 16767 | Lair:4   | HP: 9/135 [blink frog (14)]
 17130 | Lair:4   | Reached skill level 8 in Throwing
 17316 | Lair:4   | HP: 32/135 [death yak (10)]
 17326 | Lair:4   | HP: 30/135 [death yak (13)]
 17820 | Lair:4   | Reached XP level 14. HP: 117/144 MP: 19/19
 17868 | Lair:5   | Reached skill level 1 in Shields
 17894 | Lair:5   | You pick up a book of Conjurations and begin reading...
 17894 | Lair:5   | You add the spells Magic Dart, Searing Ray and Fulminant
                  | Prism to your library.
 18029 | Lair:5   | You pick up a book of Maledictions and begin reading...
 18029 | Lair:5   | You add the spells Ensorcelled Hibernation and Tukima's
                  | Dance to your library.
 18059 | Lair:5   | HP: 33/144 [meliai (11)]
 18260 | Orc:1    | Entered Level 1 of the Orcish Mines
 18454 | Orc:2    | Entered Level 2 of the Orcish Mines
 18531 | Orc:1    | Reached skill level 2 in Shields
 18567 | Orc:1    | HP: 36/144 [warg (8)]
 18569 | Orc:1    | HP: 12/144 [two-headed ogre (24)]
 18583 | D:9      | HP: 26/144 [warg (12)]
 18588 | D:9      | HP: 32/144 [warg (3)]
 18807 | Orc:2    | Found a staircase to the Elven Halls.
 18960 | Orc:2    | Found Fenoiv's Antique Armour Shop.
 19007 | Orc:2    | Reached skill level 3 in Shields
 19024 | Orc:2    | Found Zirazxith's Book Shoppe.
 19041 | Orc:2    | Reached ****** piety under Lugonu
 19275 | Orc:2    | Found Ukkem's Assorted Antiques.
 19308 | Orc:2    | Bought a lumpy inky potion for 22 gold pieces
 19312 | Orc:2    | Found Egoirub's Armour Shoppe.
 19562 | Orc:1    | Reached skill level 11 in Fighting
 19709 | Orc:1    | Found Faufaru's General Store.
 19739 | Orc:1    | Bought a scroll of blinking for 97 gold pieces
 20297 | Lair:5   | Reached skill level 11 in Dodging
 20320 | Lair:5   | Reached skill level 4 in Shields
 20343 | Lair:5   | Reached skill level 13 in Unarmed Combat
 20664 | Lair:5   | HP: 33/146 [killer bee (7)]
 20669 | Lair:5   | HP: 32/146 [poisoned by a killer bee]
 20674 | Lair:5   | HP: 32/146 [poisoned by a killer bee]
 20679 | Lair:5   | HP: 36/146 [poisoned by a killer bee]
 20691 | Lair:5   | HP: 36/146 [killer bee (4)]
 21156 | Lair:6   | Entered Level 6 of the Lair of Beasts
 21285 | Lair:6   | Reached skill level 5 in Shields
 21628 | Lair:6   | Found a runed translucent door.
 21629 | Lair:6   | Found a viscous altar of Jiyva.
 21649 | Lair:6   | Found a staircase to the Slime Pits.
 21649 | Lair:6   | Noticed an acid blob
 21900 | Lair:6   | Reached skill level 6 in Shields
 21953 | Lair:6   | Reached XP level 15. HP: 148/154 MP: 20/20
 22932 | D:14     | Noticed Josephine
 22943 | D:14     | Killed Josephine
 23196 | D:13     | HP: 34/154 [death knight (23)]
 23373 | D:14     | Noticed Agnes
 23393 | D:14     | Banished Agnes
 23723 | D:15     | Entered Level 15 of the Dungeon
 23738 | D:15     | Found a shadowy altar of Dithmenos.
 23821 | D:14     | Reached skill level 7 in Shields
 23976 | D:15     | Found a staircase to the Depths.
 24402 | D:15     | You pick up a book of Geomancy and begin reading...
 24402 | D:15     | You add the spells Sandblast, Passwall and Stone Arrow to
                  | your library.
 24531 | D:15     | Reached skill level 14 in Unarmed Combat
 24540 | D:15     | Reached skill level 12 in Fighting
 24569 | D:15     | HP: 30/156 [cyclops (24)]
 24715 | D:15     | You pick up a book of Air and begin reading...
 25037 | Snake:1  | Entered Level 1 of the Snake Pit
 25100 | Snake:1  | Reached skill level 8 in Shields
 25102 | Snake:1  | Reached skill level 12 in Dodging
 25203 | Snake:1  | Noticed Donald
 25209 | Snake:1  | Killed Donald
 25514 | Snake:1  | Reached XP level 16. HP: 94/165 MP: 21/21
 25518 | Snake:1  | HP: 38/165 [poisoned by a sea snake]
 25523 | Snake:1  | HP: 25/165 [poisoned by a sea snake]
 25957 | Snake:1  | Found Ilezabb's Weapon Shop.
 25960 | Snake:1  | Reached skill level 9 in Shields
 26781 | Snake:2  | HP: 36/167 [anaconda (11)]
 26784 | Snake:2  | HP: 15/167 [anaconda (9)]
 26789 | Snake:2  | HP: 33/167 [anaconda (13)]
 26791 | Snake:2  | HP: 13/167 [anaconda (5)]
 26962 | Snake:2  | Noticed Mlioglotl
 26964 | Snake:2  | Banished Mlioglotl
 27177 | Snake:2  | HP: 40/167 [constriction (6)]
 27185 | Snake:2  | HP: 34/167 [naga (8)]
 27188 | Snake:2  | HP: 16/167 [naga (26)]
 27799 | Snake:3  | Noticed Vashnia
 27799 | Snake:3  | Noticed Aizul
 27915 | Shoals:1 | Entered Level 1 of the Shoals
 28051 | Shoals:1 | HP: 34/167 [merfolk (11)]
 28056 | Shoals:1 | HP: 19/167 [poisoned by a merfolk]
 28061 | Shoals:1 | HP: 28/167 [poisoned by a merfolk]
 28291 | Shoals:1 | Identified a scroll of acquirement
 28300 | Shoals:1 | Acquired the amulet of Zin's Pride {Reflect rF+ rC+++ rCorr
                  | Int-2 SH+5}
 28624 | Shoals:2 | Identified the +7 dagger of the Hawk {flame, rElec Stlth+}
 28823 | Shoals:2 | Reached skill level 10 in Shields
 29226 | Shoals:2 | You pick up a book of Alchemy and begin reading...
 29226 | Shoals:2 | You add the spells Petrify and Irradiate to your library.
 29302 | Shoals:2 | Found Xogg's Antique Armour Shoppe.
 29501 | Shoals:3 | Reached skill level 15 in Unarmed Combat
 29624 | Shoals:3 | You pick up a book of Transfigurations and begin reading...
 29624 | Shoals:3 | You add the spells Blade Hands and Dragon Form to your
                  | library.
 30061 | Shoals:3 | Found Duah's General Store.
 30268 | Shoals:3 | Reached skill level 13 in Fighting
 30541 | D:14     | Bought a manual of Fighting for 1280 gold pieces
 30784 | Shoals:4 | Entered Level 4 of the Shoals
 30917 | Shoals:4 | HP: 32/169 [wind drake/the air (16)]
 30926 | Shoals:4 | HP: 20/169 [wind drake/the air (18)]
 30933 | Shoals:4 | HP: 14/169 [wind drake (4)]
 30936 | Shoals:4 | HP: 3/169 [wind drake/the air (17)]
 31039 | Shoals:4 | Reached skill level 13 in Dodging
 31039 | Shoals:4 | Reached XP level 17. HP: 138/176 MP: 22/22
 31047 | Shoals:4 | HP: 42/176 [merfolk javelineer/javelin (6)]
 31048 | Shoals:4 | HP: 20/176 [poisoned by a merfolk impaler]
 31051 | Shoals:4 | Killed from afar by a merfolk aquamancer

Vanquished Creatures
  Donald (Snake:1)
  Gastronok (D:8)
  A nagaraja (Snake:2)
  Roxanne (D:14)
  An ironbound preserver (D:13)
  A dire elephant (D:15)
  A merfolk javelineer (Shoals:3)
  A merfolk impaler (Shoals:3)
  Josephine (D:14)
  4 hydras
  3 naga warriors
  A boulder beetle (Lair:5)
  A salamander tyrant (Snake:2)
  2 death knights
  4 centaur warriors
  2 catoblepae (Lair:2)
  A merfolk avatar (Shoals:2)
  7 anacondas
  3 merfolk aquamancers
  2 alligator snapping turtles (Shoals:3)
  2 two-headed ogres
  2 satyrs
  A tengu warrior (D:14)
  A naga sharpshooter (Snake:1)
  A shock serpent (Snake:2)
  7 death yaks
  A sun demon (D:13)
  Sonja (D:13)
  3 skeletal warriors
  11 sea snakes
  2 naga ritualists
  Pikel (D:6)
  10 harpies
  2 phantasmal warriors
  A deep elf pyromancer (D:13)
  An orc knight (Orc:1)
  4 manticores
  6 mana vipers
  5 salamanders
  20 ugly things
  An oklob plant (Orc:1)
  10 fauns
  15 cyclopes
  7 orc sorcerers (Orc:2)
  A guardian serpent (Snake:1)
  An elephant (Lair:6)
  6 merfolk sirens
  8 naga magi
  6 water nymphs
  19 black mambas
  2 gargoyles
  6 cane toads
  A rime drake (Lair:6)
  An unseen horror (D:10)
  4 komodo dragons
  A kobold demonologist (D:13)
  5 yaktaurs (D:14)
  A rime drake (shapeshifter) (D:15)
  An efreet (D:14)
  3 freezing wraiths
  An ice devil (D:13)
  A tengu conjurer (D:14)
  11 merfolk
  7 polar bears
  A troll (Orc:2)
  2 meliai (Lair:5)
  A queen bee (Lair:5)
  4 hornets (Lair:6)
  Grinder (D:3)
  5 wind drakes
  A hornet (shapeshifter) (D:15)
  7 slime creatures
  26 blink frogs
  A centaur simulacrum (D:15)
  9 dream sheep
  4 snapping turtles
  13 spriggans
  3 shadows
  9 wraiths
  35 yaks
  4 fire bats (Lair:2)
  10 water elementals
  4 basilisks
  A vampire mosquito (D:11)
  Menkaure (D:6)
  9 wargs
  15 nagas
  13 water moccasins
  6 black bears
  An ice beast (D:7)
  9 ogres
  13 orc warriors
  3 necrophages
  4 boggarts
  50 wolves
  11 centaurs
  A phantom (D:5)
  4 kobold brigands
  3 scorpions
  12 bullfrogs
  25 killer bees
  22 wights
  An electric eel (Lair:2)
  A howler monkey (D:9)
  4 crimson imps (D:13)
  4 centaur zombies
  A hound (D:6)
  A bullfrog skeleton (D:7)
  18 orc priests
  3 iguanas
  A centaur skeleton (D:6)
  40 orc wizards
  2 killer bee zombies
  A howler monkey zombie (D:10)
  3 gnolls (Orc:2)
  8 adders
  5 white imps
  A worm (D:3)
  3 dart slugs
  79 orcs
  8 ball pythons
  8 endoplasms
  4 giant cockroaches
  4 hobgoblins (D:2)
  3 jackals
  4 quokkas
  5 bats (D:1)
  5 frilled lizards
  10 goblins
  27 kobolds
  8 rats
845 creatures vanquished.

Vanquished Creatures (others)
  A wizard (D:4)
  A black mamba (Snake:1)
  A merfolk (Shoals:3)
  An orc wizard (Orc:2)
  A bush (Lair:2)
  22 fungi
  70 plants
97 creatures vanquished.

Grand Total: 942 creatures vanquished

Table legend:
 A = Non-vault XP
 B = Vault XP
 C = Vault XP percentage of total XP
 D = Non-vault monster count
 E = Vault monster count
 F = Vault count percentage of total count
                 A         B        C        D         E       F
            +---------+---------+-------+---------+---------+-------
      Total |  158991 |   58097 |  26.8 |     615 |     251 |  29.0
            +---------+---------+-------+---------+---------+-------
        D:1 |      29 |       4 |  12.1 |      20 |       3 |  13.0
        D:2 |      68 |       0 |   0.0 |      27 |       0 |   0.0
        D:3 |      70 |     303 |  81.2 |      17 |       7 |  29.2
        D:4 |     369 |       0 |   0.0 |      21 |       0 |   0.0
        D:5 |     660 |       0 |   0.0 |      15 |       0 |   0.0
        D:6 |    1059 |     963 |  47.6 |      20 |       3 |  13.0
        D:7 |     730 |       3 |   0.4 |      17 |       1 |   5.6
        D:8 |    1104 |    1432 |  56.5 |      25 |       2 |   7.4
        D:9 |     527 |     985 |  65.1 |       8 |      17 |  68.0
       D:10 |    1673 |    1530 |  47.8 |      30 |       9 |  23.1
       D:11 |    4374 |       0 |   0.0 |      14 |       0 |   0.0
       D:12 |    1867 |       0 |   0.0 |       4 |       0 |   0.0
       D:13 |    7762 |    7632 |  49.6 |      18 |      20 |  52.6
       D:14 |   17466 |    4665 |  21.1 |      39 |       8 |  17.0
       D:15 |   12230 |    2639 |  17.7 |      24 |       4 |  14.3
     Lair:1 |    5267 |       0 |   0.0 |      17 |       0 |   0.0
     Lair:2 |    8075 |       0 |   0.0 |      35 |       0 |   0.0
     Lair:3 |    1881 |     897 |  32.3 |      10 |       6 |  37.5
     Lair:4 |    6888 |       0 |   0.0 |      17 |       0 |   0.0
     Lair:5 |    7973 |    5433 |  40.5 |      28 |      50 |  64.1
     Lair:6 |    9479 |    8512 |  47.3 |      30 |      42 |  58.3
   Shoals:1 |    6013 |       0 |   0.0 |      14 |       0 |   0.0
   Shoals:2 |   13903 |       0 |   0.0 |      30 |       0 |   0.0
   Shoals:3 |   16257 |       0 |   0.0 |      34 |       0 |   0.0
   Shoals:4 |    1106 |    5561 |  83.4 |       3 |       9 |  75.0
    Snake:1 |   14785 |   10088 |  40.6 |      37 |      12 |  24.5
    Snake:2 |   13485 |    1727 |  11.4 |      24 |       1 |   4.0
      Orc:1 |    2736 |     527 |  16.2 |      18 |       1 |   5.3
      Orc:2 |    1155 |    5196 |  81.8 |      19 |      56 |  74.7
            +---------+---------+-------+---------+---------+-------

Illustrated notes

Table legend:
 A = Kills in this place as a percentage of kills in entire the game.
 B = Kills by you in this place as a percentage of kills by you in the entire game.
 C = Kills by friends in this place as a percentage of kills by friends in the entire game.
 D = Other kills in this place as a percentage of other kills in the entire game.
 E = Experience gained in this place as a percentage of experience gained in the entire game.
 F = Experience gained in this place divided by the number of levels of this place that you have seen.
                   A       B       C       D       E      F
               +-------+-------+-------+-------+-------+----------------------
         Total | 100.0 | 100.0 |   N/A | 100.0 | 100.0 | 6578.4
       Dungeon |  43.1 |  43.0 |   N/A |  47.6 |  32.3 | 4676.3
          Lair |  27.1 |  27.3 |   N/A |  19.0 |  25.1 | 9067.5
        Shoals |  10.4 |  10.3 |   N/A |  14.3 |  19.7 | 10710.0
     Snake Pit |   8.5 |   8.4 |   N/A |  14.3 |  18.5 | 13361.7
  Orcish Mines |  10.9 |  11.0 |   N/A |   4.8 |   4.4 | 4807.0
               +-------+-------+-------+-------+-------+----------------------

Table legend: (Time is in decaauts)
 A = Elapsed time spent in this place.
 B = Non-inter-level travel time spent in this place.
 C = Inter-level travel time spent in this place.
 D = Time resting spent in this place.
 E = Time spent auto-exploring this place.
 F = Levels seen in this place.
 G = Mean time per level.
                   A        B        C        D        E       F      G
               +--------+--------+--------+--------+--------+-----+--------+
         Total |  31467 |  29103 |   2364 |   1171 |  20977 |  33 |  953.5 |
       Dungeon |  16541 |  15291 |   1250 |    539 |  11601 |  15 | 1102.7 |
          Lair |   7131 |   6581 |    550 |    166 |   4742 |   6 | 1188.5 |
        Shoals |   3009 |   2754 |    255 |    249 |   1775 |   4 |  752.2 |
     Snake Pit |   2894 |   2732 |    162 |    116 |   1834 |   3 |  964.7 |
  Orcish Mines |   1777 |   1632 |    145 |    100 |    964 |   2 |  888.5 |
         Abyss |    113 |    113 |      0 |      0 |     60 |   3 |   37.7 |
               +--------+--------+--------+--------+--------+-----+--------+

Top non-repeatable levels by time:
    D:14: 1767 daAuts
     D:8: 1565 daAuts
 Snake:1: 1515 daAuts
    D:13: 1412 daAuts
  Lair:5: 1398 daAuts
  Lair:6: 1397 daAuts
  Lair:4: 1387 daAuts
 Snake:2: 1376 daAuts
    D:12: 1350 daAuts
    D:11: 1300 daAuts
     D:1: 1219 daAuts
     D:7: 1130 daAuts
     D:9: 1105 daAuts
     D:6: 1104 daAuts
   Orc:2: 1037 daAuts
